 Dungeon Crawl Stone Soup version 0.19.1-1-g22dce08 (webtiles) character file.

69 pib the Gusty (level 4, 0/27 HPs)
             Began as a High Elf Air Elementalist on Jan 7, 2017.
             Succumbed to an adder's poison
             ... on level 2 of the Dungeon.
             The game lasted 00:05:44 (1612 turns).

pib the Gusty (High Elf Air Elementalist)           Turns: 1612, Time: 00:05:45

Health: 0/27       AC:  2    Str:  7    XL:     4   Next: 2%
Magic:  0/10       EV: 13    Int: 19    God:
Gold:   49         SH:  0    Dex: 16    Spells: 1 memorised, 8 levels left

rFire  . . .     SeeInvis .     h - +1 spear
rCold  . . .     Gourm    .     a - +0 robe
rNeg   . . .     Faith    .     (no shield)
rPois  .         Spirit   .     (no helmet)
rElec  .         Reflect  .     (no cloak)
rCorr  .         Harm     .     (no gloves)
MR     .....                    (no boots)
Stlth  ++........               (no amulet)
                                (no ring)
                                (no ring)

@: lethally poisoned (0 -> -5), very slightly contaminated, hasted, very quick
A: no striking features
a: no special abilities


You were on level 2 of the Dungeon.
You were not hungry.

You visited 1 branch of the dungeon, and saw 2 of its levels.

You collected 49 gold pieces.

Inventory:

Hand Weapons
 h - a +1 spear (weapon)
Armour
 a - a +0 robe (worn)
 e - a +0 ring mail
Jewellery
 n - an uncursed amulet of the gourmand {unknown}
Scrolls
 k - a scroll of recharging {unknown}
 m - a scroll of amnesia
Books
 b - a book of Air

   Spells                             Type                      Level
   a - Shock                          Conjuration/Air              1
   b - Swiftness                      Charms/Air                   2
   c - Repel Missiles                 Charms/Air                   2
   d - Static Discharge               Conjuration/Air              3
   e - Lightning Bolt                 Conjuration/Air              5
Comestibles
 c - a bread ration
 d - 5 fruits
 f - a beef jerky
 g - 2 chunks of flesh
 o - a slice of pizza


   Skills:
 - Level 2.1 Dodging
 - Level 2.1 Stealth
 + Level 3.4 Spellcasting
 + Level 2.5 Conjurations
 + Level 4.5 Air Magic


You had 8 spell levels left.
You knew the following spells:

 Your Spells              Type           Power        Failure   Level  Hunger
a - Shock                 Conj/Air       ###.         4%          1    None


Dungeon Overview and Level Annotations

Branches:
Dungeon (2/15)

Altars:
Cheibriados


Message History

You feel sick. The worm closely misses you.
You hit the worm.
The worm is lightly wounded.
You completely miss the worm.
The worm is lightly wounded.
Casting: Shock
Confirm with . or Enter, or press ? or * to list all spells.
Aiming: Shock
Press: ? - help, Shift-Dir - straight line, f - worm
Aim: a worm (lightly wounded)
The zap hits the worm.
The worm is moderately wounded.
* * * LOW HITPOINT WARNING * * *
You feel sick. The worm closely misses you.
Blink to where?
Press: ? - help, Dir - move target cursor, p - worm
As you read the scroll labeled HIAGIDD OV TAG, it crumbles to dust.
It was a scroll of blinking.
Found a stone staircase leading down.
You die...

#§###....>....###...##
##†#.#####.#### ##.##
#w.## #.# #w# # ###.K# ##
#.#######.### #.......#
#.....w...... ##....##.#
#..######.###
.##.....##.###..# #.# #
................######.##
.##..?..#@.###..........#
. ##...##..#
#########..## #.......#
#...# ##.###.## ##..# #.
#.# #..# #. #.# #..# >.
#.# ########..# ...
..........# ########.##


There were no monsters in sight!

Vanquished Creatures
  2 adders (D:2)
  6 dart slugs
  3 bats (D:1)
  4 giant cockroaches
  5 hobgoblins
  5 kobolds
  A quokka (D:2)
  2 frilled lizards
  6 goblins
  A rat (D:1)
35 creatures vanquished.

Notes
Turn   | Place    | Note
-------+----------+-------------------------------------------
     0 | D:1      | pib the High Elf Air Elementalist began the quest for the Orb.
     0 | D:1      | Reached XP level 1. HP: 11/11 MP: 4/4
   197 | D:1      | Reached XP level 2. HP: 17/17 MP: 3/6
   544 | D:1      | Reached skill level 4 in Air Magic
   639 | D:1      | Reached XP level 3. HP: 18/21 MP: 2/8
  1511 | D:2      | Found a snail-covered altar of Cheibriados.
  1603 | D:2      | Reached XP level 4. HP: 3/27 MP: 0/10
  1609 | D:2      | HP: 1/27 [poisoned by an adder]
  1612 | D:2      | Succumbed to an adder's poison

Skill      XL: |  1  2 |
---------------+-------+-----
Conjurations   | 2 |  2.5
Air Magic      | 4 |  4.5
Spellcasting   | 3 |  3.4
Dodging        | |  2.1
Stealth        | |  2.1

Action                   |  1- 3 |  4- 6 || total
-------------------------+-------+-------++-------
Melee: Spear             |    25 |     3 ||    28
 Cast: Shock             |    70 |     1 ||    71
  Use: Potion            |     1 |       ||     1
       Scroll            |       |     3 ||     3
  Eat: Chunk             |     2 |       ||     2
Armor: Robe              |     9 |       ||     9
Dodge: Dodged            |    28 |     3 ||    31
